cohdb
Replays
Latest Replays
All Replays
Popular Replays
Top Player Replays
Match Explorer
How It Works
Community
CoH3 Stats
Reddit
Sign in to upload your games and track your stats! →
Sign in with Steam
Match 42524699
Unlisted
Match 42524699
Overview
Messages
Build Orders
End
Construct Barracks
Riflemen Squad
Riflemen Squad
Selects Advanced Infantry Battlegroup
M1 Mortar Team
Riflemen Squad
Selects Convert to Ranger Squad
Convert to Ranger Squad
Infantry Support Center
M1918 Browning Automatic Rifles
Convert to Ranger Squad
Selects Frontline Medical Station
Frontline Medical Station
Construct Motor Pool
M24 Chaffee Light Tank
Selects Ranger Weapon Training
Selects Ammunition Storage
Engineer Squad
Advanced Logistics
Convert to Ranger Squad
Selects M2A1 105mm Howitzer Emplacement
Survival Training
Selects Free Fire Drills
Ranger Squad
Selects Free Fire Drills
M1 Anti-tank Gun Team
KrisikeSenpai
.
Mercenary
Ξ Clownface
Adners
Ж | Davako
0
0
Comments
sign in to comment!
No comments posted yet!